Map: [ESL] Site Delta

Players

Dark - Winner!

  • Race: Zerg Zerg
  • Spawn Location: 11:00

ShoWTimE

  • Race: Protoss Protoss
  • League: Diamond
  • Spawn Location: 5:00

Event: IEM Katowice 2024

VOD

Have the link to the VOD?

Description

Time

  • Played on: Feb. 8, 2024, 4:17 p.m.
  • Length: 16:52

All games in this series

Show
View Real Time Build Order
Export as new Build Order

Dark Zerg - Winner!

Build Orders: Hatch First 

Get SALT Encoding   

  12  0:00  Drone  
  13  0:13  Overlord  
  13  0:17  Drone  
  14  0:31  Drone x2  
  16  0:45  Drone  
  16  0:47  Drone  
  18  0:56  Drone  
  19  1:09  Hatchery  
  18  1:23  Drone  
  19  1:26  Extractor, Drone, Spawning Pool  
  19  1:29  Drone  
  19  1:43  Drone  
  20  1:52  Drone  
  21  2:05  Overlord  
  21  2:15  Zergling x2  
  22  2:20  Queen x2  
  22  2:21  Drone  
  27  2:28  Metabolic Boost  
  27  2:30  Drone  
  27  2:33  Drone x2  
  30  2:45  Zergling x2  
  30  2:46  Hatchery  
  30  2:47  Zergling x2  
  31  2:56  Queen  
  33  2:59  Overlord  
  33  3:06  Zergling x4  
  33  3:11  Drone  
  36  3:17  Queen  
  36  3:18  Drone  
  36  3:19  Drone  
  40  3:26  Drone x2  
  39  3:38  Drone x4  
  41  3:41  Queen  
  41  3:47  Overlord  
  43  3:52  Overlord  
  43  3:58  Queen  
  43  3:59  Drone  
  43  4:01  Drone  
  43  4:02  Drone  
  47  4:07  Queen  
  49  4:11  Zergling x2  
  49  4:12  Zergling x2  
  49  4:14  Drone  
  49  4:16  Drone  
  53  4:21  Spore Crawler  
  53  4:22  Drone x2  
  53  4:24  Spore Crawler  
  53  4:26  Drone  
  53  4:27  Drone  
  55  4:32  Drone x2  
  55  4:33  Drone  
  55  4:35  Drone  
  55  4:37  Drone  
  60  4:39  Drone x2  
  60  4:41  Drone  
  60  4:43  Drone  
  64  4:48  Drone x2  
  64  4:49  Overlord  
  66  4:53  Overlord  
  66  4:56  Overlord  
  66  4:59  Overlord  
  66  5:01  Extractor  
  66  5:02  Extractor  
  66  5:04  Drone x3  
  64  5:08  Drone x2  
  64  5:09  Zergling x2  
  64  5:13  Lair  
  67  5:16  Drone x2  
  67  5:19  Drone x2  
  67  5:21  Drone  
  72  5:24  Drone  
  72  5:25  Drone  
  72  5:26  Evolution Chamber  
  73  5:30  Drone x4  
  73  5:31  Drone  
  76  5:36  Drone  
  76  5:39  Roach Warren  
  76  5:40  Drone  
  77  5:44  Drone x3  
  77  5:45  Drone x2  
  77  5:46  Drone  
  82  5:52  Drone x4  
  82  5:54  Drone x3  
  82  5:56  Drone  
  87  6:02  Zerg Melee Weapons Level 1  
  87  6:04  Extractor  
  87  6:07  Zergling x8  
  90  6:15  Extractor  
  90  6:17  Extractor  
  85  6:21  Drone x3  
  85  6:22  Drone x6  
  91  6:28  Zergling x6  
  91  6:30  Spire  
  92  6:35  Drone  
  92  6:39  Overseer, Overlord x3, Hatchery  
  92  6:46  Drone  
  93  6:53  Zergling x10  
  98  7:04  Hatchery  
  98  7:08  Drone x8  
  102  7:09  Overseer  
  105  7:16  Overlord  
  105  7:17  Extractor  
  105  7:20  Extractor  
  102  7:42  Mutalisk x12  
  126  7:46  Mutalisk  
  128  7:52  Overlord x3  
  128  7:53  Overlord  
  128  7:54  Drone x4  
  132  7:59  Zerg Melee Weapons Level 2  
  132  8:00  Zerg Flyer Weapons Level 1  
  132  8:08  Drone  
  132  8:09  Mutalisk, Drone  
  132  8:11  Zergling x8  
  138  8:13  Mutalisk x2  
  138  8:15  Zergling x8  
  138  8:19  Zergling x4  
  149  8:20  Zergling x4  
  149  8:21  Zergling x2  
  149  8:24  Zergling x4  
  149  8:25  Extractor  
  152  8:27  Extractor  
  152  8:30  Mutalisk x3  
  157  8:35  Zergling x4  
  157  8:36  Mutalisk  
  157  8:39  Mutalisk  
  157  8:40  Zergling x12  
  166  8:50  Mutalisk x3  
  166  8:51  Zergling x2  
  166  8:55  Overlord x2  
  173  8:56  Overlord  
  173  9:00  Overlord  
  173  9:03  Overlord  
  173  9:05  Overlord x3  
  173  9:07  Overseer  
  173  9:11  Overlord  
  173  9:14  Drone  
  173  9:15  Drone  
  173  9:16  Mutalisk x4  
  179  9:17  Mutalisk, Overseer  
  179  9:21  Mutalisk  
  179  9:22  Zergling x4  
  179  9:24  Mutalisk  
  189  9:27  Mutalisk  
  193  9:41  Zergling x12  
  199  9:57  Hatchery  
  177  10:03  Corruptor x7  
  182  10:08  Corruptor  
  184  10:19  Corruptor x3  
  190  10:32  Mutalisk x3, Hatchery  
  195  10:35  Zerg Flyer Weapons Level 2  
  195  10:40  Zerg Ground Armor Level 1  
  195  10:44  Pneumatized Carapace  
  195  10:46  Overseer  
  195  10:49  Drone x2  
  198  10:50  Drone x2  
  199  11:03  Corruptor  
  197  11:11  Infestation Pit, Evolution Chamber  
  198  11:13  Overlord  
  198  11:16  Drone x2  
  197  11:42  Mutalisk x2  
  199  11:48  Spine Crawler  
  198  11:56  Spore Crawler  
  198  11:57  Hive  
  198  11:58  Glial Reconstitution  
  198  11:59  Baneling Nest  
  196  12:05  Zergling x2  
  197  12:10  Spine Crawler  
  197  12:11  Spine Crawler  
  194  12:25  Drone  
  194  12:34  Corruptor  
  194  12:35  Corruptor x7  
  195  12:38  Zerg Ground Armor Level 2  
  195  12:43  Zergling x14  
  199  12:45  Centrifugal Hooks  
  199  12:52  Zerg Flyer Armor Level 1  
  199  13:00  Baneling x11  
  199  13:11  Adrenal Glands, Zerg Melee Weapons Level 3  
  199  13:12  Ultralisk Cavern  
  198  13:19  Drone x2  
  196  13:20  Drone  
  196  13:21  Drone x4  
  196  13:22  Drone  
  193  13:29  Drone x2  
  195  13:40  Hatchery  
  164  14:08  Chitinous Plating  
  155  14:11  Ultralisk x8  
  190  14:31  Burrow  
  190  14:34  Ultralisk  
  194  14:45  Ultralisk  
  192  14:46  Ultralisk  
  192  14:53  Ultralisk  
  192  14:58  Zergling x20  
  198  15:04  Zergling x4  
  200  15:07  Greater Spire  
  200  15:26  Zergling x4  
  200  15:27  Anabolic Synthesis  
  199  15:32  Zergling x14  
  197  15:38  Ultralisk  
  197  15:39  Zergling x2  
  197  15:40  Zergling x6  
  197  15:45  Zergling x4  
  197  15:46  Zergling x2  
  197  15:48  Zergling x12  
  194  15:54  Zergling x32  
  200  15:58  Zergling x4  
  200  16:03  Zergling x22, Ultralisk  
  199  16:06  Zergling x12  
  187  16:11  Zergling x8  
  187  16:18  Zergling x10  
  185  16:22  Viper  
  170  16:28  Zergling x12  
  170  16:31  Drone x2  
  159  16:33  Drone  
Show
View Real Time Build Order
Export as new Build Order

ShoWTimE Protoss 

Build Orders: 1 Gate Expand, Oracle Opening 

Get SALT Encoding   

  12  0:00  Probe  
  13  0:12  Probe  
  14  0:19  Pylon  
  14  0:24  Probe  
  15  0:37  Probe (Chrono Boost)  
  15  0:39  Gateway  
  16  0:47  Probe (Chrono Boost)  
  16  0:48  Assimilator  
  17  0:52  Probe (Chrono Boost)  
  18  1:04  Probe  
  19  1:16  Probe  
  20  1:29  Nexus  
  20  1:35  Cybernetics Core  
  20  1:40  Probe  
  20  1:45  Assimilator  
  21  1:52  Probe  
  22  1:55  Pylon  
  22  2:04  Probe  
  23  2:10  Adept (Chrono Boost)  
  25  2:16  Probe  
  26  2:25  Stargate  
  26  2:28  Probe  
  27  2:31  Adept (Chrono Boost)  
  29  2:40  Warp Gate  
  29  2:42  Probe (Chrono Boost)  
  31  2:44  Probe (Chrono Boost)  
  32  2:53  Adept, Probe (Chrono Boost)  
  32  2:56  Probe (Chrono Boost)  
  32  2:57  Probe (Chrono Boost)  
  35  3:04  Probe  
  37  3:08  Probe  
  37  3:11  Oracle (Chrono Boost), Pylon  
  38  3:16  Probe  
  42  3:20  Probe  
  42  3:23  Adept  
  45  3:29  Probe  
  45  3:32  Probe  
  47  3:41  Gateway, Probe  
  44  3:42  Oracle (Chrono Boost)  
  44  3:45  Probe  
  48  3:53  Pylon  
  48  4:01  Nexus  
  48  4:03  Probe x2  
  50  4:11  Oracle (Chrono Boost)  
  50  4:12  Assimilator  
  50  4:14  Assimilator  
  53  4:18  Probe x2  
  53  4:24  Pylon  
  55  4:30  Probe  
  55  4:31  Probe  
  57  4:35  Adept x2  
  61  4:42  Probe  
  61  4:43  Pylon, Probe  
  63  4:50  Twilight Council  
  63  4:53  Forge  
  63  4:55  Probe x2  
  63  4:58  Stalker  
  64  5:09  Probe (Chrono Boost)  
  64  5:10  Probe (Chrono Boost)  
  64  5:12  Stalker  
  64  5:13  Probe (Chrono Boost)  
  68  5:19  Shield Battery  
  70  5:22  Probe (Chrono Boost)  
  70  5:23  Probe x2 (Chrono Boost)  
  70  5:24  Protoss Ground Weapons Level 1 (Chrono Boost), Stalker  
  70  5:28  Probe (Chrono Boost)  
  73  5:31  Probe x2  
  73  5:34  Gateway  
  73  5:36  Gateway  
  73  5:37  Blink (Chrono Boost)  
  73  5:39  Probe  
  74  5:43  Probe x2  
  74  5:45  Pylon  
  76  5:52  Probe  
  76  5:55  Probe x2  
  77  5:57  Stalker x2  
  77  6:03  Photon Cannon  
  77  6:04  Probe  
  80  6:06  Assimilator  
  80  6:11  Probe  
  80  6:12  Pylon, Probe  
  80  6:14  Assimilator  
  80  6:16  Probe  
  80  6:26  Stalker x2  
  80  6:31  Stalker  
  80  6:32  Stalker  
  88  6:35  Templar Archives  
  88  6:38  Robotics Facility  
  88  6:45  Photon Cannon  
  88  6:46  Shield Battery  
  88  6:48  Pylon  
  88  6:50  Gateway  
  88  6:51  Gateway, Stalker x2  
  92  6:56  Stalker x2  
  96  7:03  Pylon  
  96  7:12  Psionic Storm  
  96  7:14  Gateway, High Templar  
  96  7:15  High Templar  
  100  7:16  Gateway  
  100  7:20  Charge  
  100  7:26  Photon Cannon  
  100  7:27  Shield Battery  
  100  7:30  Pylon  
  100  7:31  Immortal (Chrono Boost)  
  100  7:36  Nexus  
  104  7:38  Protoss Ground Weapons Level 2 (Chrono Boost)  
  104  7:49  High Templar  
  106  7:54  Photon Cannon  
  106  7:57  High Templar, Shield Battery  
  108  8:04  Photon Cannon  
  108  8:07  Observer  
  108  8:08  Photon Cannon, Probe x3  
  112  8:15  High Templar x2  
  116  8:20  Probe x3  
  116  8:21  Pylon  
  116  8:22  Phoenix  
  116  8:23  Pylon  
  121  8:30  Shield Battery  
  121  8:32  Shield Battery  
  121  8:37  High Templar  
  121  8:38  High Templar, Zealot x2  
  129  8:43  Archon  
  118  8:49  Phoenix (Chrono Boost)  
  118  8:50  Probe (Chrono Boost)  
  118  8:51  Probe x2 (Chrono Boost)  
  118  8:53  Probe (Chrono Boost)  
  118  8:56  Stargate  
  119  9:02  Probe (Chrono Boost)  
  119  9:03  Probe x2 (Chrono Boost)  
  119  9:06  Phoenix (Chrono Boost)  
  119  9:08  Probe (Chrono Boost)  
  119  9:09  Probe x3 (Chrono Boost)  
  122  9:15  Probe  
  122  9:16  Zealot x4  
  122  9:17  Zealot x2, Probe x3  
  138  9:27  Probe  
  138  9:28  Phoenix  
  138  9:29  Probe x3  
  144  9:32  Assimilator  
  144  9:35  Immortal (Chrono Boost)  
  148  9:39  Probe  
  148  9:40  Pylon  
  148  9:41  Probe x3  
  148  9:44  Assimilator  
  152  9:48  Phoenix  
  152  9:51  Probe  
  155  9:53  Probe x3  
  155  9:54  High Templar x2  
  162  10:02  Phoenix (Chrono Boost)  
  162  10:03  Archon, Probe  
  162  10:05  Probe x2  
  161  10:13  Stalker x4  
  169  10:20  Phoenix (Chrono Boost)  
  169  10:24  Phoenix (Chrono Boost)  
  171  10:29  Stalker  
  171  10:34  Pylon  
  171  10:35  Pylon  
  171  10:37  Pylon  
  171  10:38  Fleet Beacon, Photon Cannon  
  171  10:40  Pylon  
  171  10:41  Assimilator  
  171  10:46  Photon Cannon  
  171  10:48  Protoss Air Weapons Level 1 (Chrono Boost), Shield Battery  
  171  10:50  Pylon  
  171  10:52  Phoenix x2  
  175  11:00  Stalker x4  
  175  11:03  Probe x2  
  176  11:05  Probe  
  176  11:08  High Templar x2  
  181  11:15  Observer  
  182  11:18  Probe  
  182  11:20  Photon Cannon  
  182  11:22  Protoss Shields Level 1 (Chrono Boost)  
  182  11:23  Photon Cannon  
  183  11:26  Anion Pulse-Crystals (Chrono Boost)  
  183  11:29  Pylon  
  183  11:30  Zealot x2  
  187  11:35  Phoenix x2  
  189  11:48  Zealot x2  
  189  11:49  Zealot x3  
  197  12:02  Gateway  
  197  12:07  Phoenix (Chrono Boost)  
  200  12:08  Gateway  
  200  12:15  Phoenix (Chrono Boost)  
  200  12:25  Nexus  
  200  12:31  Pylon  
  192  12:38  Phoenix  
  192  12:39  Zealot x4, Phoenix  
  192  12:40  Zealot  
  192  12:44  Zealot x2  
  188  12:45  Protoss Air Weapons Level 2 (Chrono Boost)  
  188  12:52  Photon Cannon  
  188  12:55  Zealot  
  188  12:57  Probe  
  188  12:58  Probe x3  
  194  13:01  Observer (Chrono Boost)  
  195  13:09  High Templar  
  195  13:10  High Templar, Protoss Ground Weapons Level 3 (Chrono Boost)  
  195  13:12  Robotics Facility  
  199  13:15  Archon  
  199  13:16  Photon Cannon x2  
  199  13:19  Robotics Facility  
  195  13:22  Stalker x2  
  177  13:29  Zealot x4  
  179  13:35  Photon Cannon  
  179  13:42  Probe  
  179  13:45  High Templar x3  
  179  13:47  High Templar  
  183  13:50  Archon  
  183  13:54  Observer  
  178  14:00  Stalker x3  
  178  14:02  Archon x2  
  149  14:04  Zealot  
  149  14:06  Phoenix x2  
  137  14:19  Probe, Stalker x3  
  137  14:20  Probe x2  
  146  14:25  Stalker  
  146  14:28  Probe x2  
  146  14:30  Pylon  
  146  14:31  Phoenix (Chrono Boost)  
  150  14:34  Phoenix (Chrono Boost)  
  150  14:36  Probe x2  
  152  14:41  Probe x2  
  152  14:43  Probe  
  153  14:48  Probe  
  153  14:53  Observer, Phoenix (Chrono Boost)  
  153  14:57  Phoenix (Chrono Boost)  
  153  15:07  High Templar x3, Zealot x3  
  153  15:08  High Templar  
  153  15:11  Phoenix (Chrono Boost), Probe  
  153  15:12  Archon  
  153  15:13  Archon  
  171  15:14  Observer  
  171  15:19  Zealot  
  175  15:25  Phoenix (Chrono Boost)  
  175  15:27  Stalker  
  175  15:28  Stalker  
  178  15:29  Phoenix (Chrono Boost)  
  178  15:32  Immortal (Chrono Boost)  
  177  15:40  Stalker  
  173  15:50  Immortal (Chrono Boost)  
  173  15:53  Immortal (Chrono Boost)  
  157  16:02  Stalker x2  
  152  16:04  Immortal  
  139  16:12  Zealot x4  
  144  16:18  Zealot x2  
  127  16:27  Zealot x2  
  110  16:39  Zealot x3  
  109  16:43  Zealot  

Tags
 
Add a new tag
Caveats
  • Supply blocks, unpowered buildings, or Contaminate may cause inaccurate times.
  • Supply counts are checked every 10 seconds.